 Dungeon Crawl Stone Soup version 0.27-a0-1287-gca74d27db6 (webtiles) character file.

Game seed: 15940769650629724249

46 raph the Ducker (level 3, -3/29 HPs)
             Began as a Djinni Gladiator on June 15, 2021.
             Was a Follower of Qazlal.
             Slain by Blork the orc (15 damage)
             ... on level 4 of the Dungeon.
             The game lasted 00:02:51 (2022 turns).

raph the Ducker (Djinni Gladiator)                  Turns: 2022, Time: 00:02:51

Health: -3/29      AC:  4    Str: 13    XL:     3   Next: 92%
Gold:   60         EV: 13    Int:  9    God:    Qazlal [*.....] SH:  1 Dex: 15

rFire    + + .     SeeInvis .   a - +0 rapier
rCold    x . .     Faith    .   (no shield)
rNeg     . . .     Spirit   .   b - +0 leather armour
rPois    ∞         Reflect  .   c - +0 helmet
rElec    .         Harm     .   (no cloak)
rCorr    .         Rampage  .   (no gloves)
Will     .....                  (boots unavailable)
Stlth    +.........             (no amulet)
HPRegen  0.09/turn              (no ring)
MPRegen  0.00/turn              (no ring)

@: flying
A: sickness immunity, fire resistance 2, cold vulnerability 1, float, innate
caster, hp casting, extra vitality 1
a: Renounce Religion


You were on level 4 of the Dungeon.
You worshipped Qazlal.
Qazlal was aware of your devotion.
You visited 1 branch of the dungeon, and saw 4 of its levels.

You collected 60 gold pieces.

Inventory:

Hand Weapons
 a - a +0 rapier (weapon)
Missiles
 d - 3 throwing nets (quivered)
Armour
 b - a +0 leather armour (worn)
 c - a +0 helmet (worn)
Potions
 e - a potion of lignification {unknown}
 f - 2 potions of attraction
 h - a potion of curing


   Skills:
 + Level 2.7 Fighting
 + Level 3.2 Short Blades
 + Level 1.7 Throwing
 + Level 0.7 Armour
 + Level 3.6 Dodging


You had one spell level left.
You knew the following spells:

 Your Spells              Type           Power      Damage    Failure   Level
a - Shock                 Conj/Air       0%         1d3       45%         1
Your spell library was empty.

Dungeon Overview and Level Annotations

Branches:
Dungeon (4/15)
 Temple: D:4-7

Altars:
Qazlal

Annotations:
D:2 Sigmund
D:3 Natasha
D:4 Blork the orc


Innate Abilities, Weirdness & Mutations

You are immune to sickness and miasma.
You are immune to poison.
Your flesh is very heat resistant. (rF++)
You are vulnerable to cold. (rC-)
You float through the air rather than walking.
You learn spells naturally, not from books.
Your magical power is your life essence.
You have superior vitality. (+4 HP)


Message History

Okay, then.
It was a potion of curing.
You feel better.
Blork the orc mumbles some strange words.
Blork the orc seems to speed up.
Blork the orc closely misses you.
You see here a scroll labelled IQECRE BADDACW.
You hit Blork the orc.
Blork the orc is moderately wounded.
Blork the orc barely misses you. Blork the orc misses you.
You hit Blork the orc.
Blork the orc is heavily wounded.
Blork the orc barely misses you. x2
You hit Blork the orc but do no damage.
Blork the orc is heavily wounded.
Blork the orc barely misses you.
You barely miss Blork the orc.
Blork the orc is heavily wounded.
Blork the orc hits you with a +0 halberd.
Blork the orc casts a spell at you. The magic dart hits you.
You hit Blork the orc but do no damage.
Blork the orc is heavily wounded.
Blork the orc hits you with a +0 halberd.
You hit Blork the orc.
Blork the orc is heavily wounded.
Blork the orc closely misses you.
Blork the orc points at you and mumbles some strange words.
The magic dart hits you but does no damage.
You hit Blork the orc.
Blork the orc is severely wounded.
Blork the orc points at you and mumbles some strange words.
The puff of flame hits you. You resist.
You hit Blork the orc.
Blork the orc is severely wounded.
Blork the orc closely misses you. x2
You barely miss Blork the orc.
Blork the orc is severely wounded.
Blork the orc hits you with a +0 halberd!
Ouch! That really hurt!
You die...

......# .....##
#.....# #.....# .#
#.....# ..#
#.....#...#
#.....#...#
+...@o'...#
#....§#...# #.....
#.....# ?.# #.....
#..$..#+###
##..... ####.....#
#...... +.....#
#...... #.....#
#...... #.....#
#.....>
#.....#+####..<...


You could see Blork the orc (fast).

Vanquished Creatures
  An adder (D:2)
  A dart slug (D:3)
  4 ball pythons
  6 endoplasms
  A giant cockroach (D:1)
  2 goblins (D:1)
  3 hobgoblins
  2 jackals (D:1)
  3 kobolds (D:1)
  2 bats
  2 frilled lizards (D:1)
  4 rats
31 creatures vanquished.

Vanquished Creatures (others)
  33 plants (D:1)
33 creatures vanquished.

Grand Total: 64 creatures vanquished

Notes
Turn   | Place    | Note
-------+----------+-------------------------------------------
     0 | D:1      | raph the Djinni Gladiator began the quest for the Orb.
     0 | D:1      | Reached XP level 1. HP: 18/18 MP: 0/0
   462 | D:1      | Reached XP level 2. HP: 23/23 MP: 0/0
   921 | D:1      | Reached XP level 3. HP: 28/29 MP: 0/0
   921 | D:1      | Learned a level 1 spell: Shock
  1147 | D:1      | Found a faded altar of an unknown god.
  1161 | D:1      | Became a worshipper of Qazlal Stormbringer
  1161 | D:1      | Reached * piety under Qazlal
  1485 | D:2      | Noticed Sigmund
  1659 | D:3      | Noticed Natasha
  1997 | D:4      | Noticed Blork the orc
  2022 | D:4      | Slain by Blork the orc

Illustrated notes

Levels and vault maps discovered:
D:1:      lemuel_arrival_hallway, layout_loops_ring, serial_bayou,
          serial_bayou_pond_c, serial_bayou_shore_b, serial_bayou_lagoon_a,
          serial_bayou_crossing, shapermc_ecumenical_altar_notcrosses
D:2:      layout_loops_ring, minmay_cut_off, uniq_robin, uniq_sigmund
D:3:      layout_rooms, minitemple, kennysheep_another_room, uniq_natasha
D:4:      layout_gridville, uniq_blork_the_orc, uniq_edmund

Skill      XL: |  1  2  3 |
---------------+----------+-----
Short Blades   | 3 |  3.2
Fighting       | |  2.7
Throwing       | |  1.7
Armour         | |  0.7
Dodging        | |  3.6

Action                   || total
-------------------------++-------
Melee: Rapier            ||   122
  Use: Scroll            ||     2
       Potion            ||     1
Armor: Leather armour    ||    47
Dodge: Dodged            ||    99

Table legend: (Time is in decaauts)
 A = Elapsed time spent in this place.
 B = Non-inter-level travel time spent in this place.
 C = Inter-level travel time spent in this place.
 D = Time resting spent in this place.
 E = Time spent auto-exploring this place.
 F = Levels seen in this place.
 G = Mean time per level.
                   A        B        C        D        E       F      G
               +--------+--------+--------+--------+--------+-----+--------+
         Total |   2036 |   2012 |     24 |    791 |    866 |   4 |  509.0 |
       Dungeon |   2036 |   2012 |     24 |    791 |    866 |   4 |  509.0 |
               +--------+--------+--------+--------+--------+-----+--------+

Top non-repeatable levels by time:
     D:1: 1483 daAuts
     D:4: 331 daAuts
     D:2: 161 daAuts
     D:3: 60 daAuts
